 Dungeon Crawl Stone Soup version 0.22.1-1-ga44c0e5 (webtiles) character file.

1278 Fang the Chopper (level 8, -2/51 HPs)
             Began as a Gargoyle Berserker on Sept 21, 2018.
             Was an Elder of Trog.
             Killed by nerve-wracking pain
             ... invoked by an orc priest
              (4 damage)
             ... on level 5 of the Dungeon.
             The game lasted 00:06:21 (4688 turns).

Fang the Chopper (Gargoyle Berserker)               Turns: 4688, Time: 00:06:22

Health: -2/51      AC:  8    Str: 24    XL:     8   Next: 54%
Magic:  8/8        EV: 13    Int:  7    God:    Trog [****..]
Gold:   160        SH:  0    Dex:  9    Spells: 7/7 levels left

rFire    . . .     SeeInvis .   a - +0 hand axe
rCold    . . .     Gourm    .   (no shield)
rNeg     + . .     Faith    .   b - +0 animal skin
rPois    ∞         Spirit   .   (no helmet)
rElec    +         Reflect  .   (no cloak)
rCorr    .         Harm     .   (no gloves)
MR       .....                  (no boots)
Stlth    ++........             (no amulet)
HPRegen  0.17/turn              j - +1 ring of protection
MPRegen  0.11/turn              (no ring)

@: berserk cooldown, slowed, very slow
A: negative energy resistance 1, electricity resistance, unbreathing,
petrification resistance, rot immunity, AC +5
a: Berserk, Trog's Hand, Brothers in Arms, Renounce Religion


You were on level 5 of the Dungeon.
You worshipped Trog.
Trog was greatly pleased with you.
You were hungry.

You visited 1 branch of the dungeon, and saw 5 of its levels.

You collected 160 gold pieces.

Inventory:

Hand Weapons
 a - a +0 hand axe (weapon)
Armour
 b - a +0 animal skin (worn)
Jewellery
 j - a +1 ring of protection (left hand)
Scrolls
 e - a scroll of teleportation
Potions
 d - a potion of magic
 f - 2 potions of agility {unknown}
 g - 2 potions of brilliance {unknown}
 h - 3 potions of ambrosia {unknown}
 i - 2 potions of heal wounds {unknown}
 l - 2 potions of mutation {unknown}
 m - 2 potions of might {unknown}
 o - a potion of berserk rage {unknown}
Comestibles
 c - 8 rations
 k - 4 chunks of flesh


   Skills:
 + Level 6.2 Fighting
 + Level 6.7 Axes
 + Level 2.3 Armour
 + Level 4.3 Dodging
 + Level 2.9 Stealth


You had 7 spell levels left.
You didn't know any spells.
Your spell library was empty.

Dungeon Overview and Level Annotations

Branches:
Dungeon (5/15)
 Temple: D:4-7

Altars:
Nemelex Xobeh
Wu Jian
The Shining One

Shops:
D:4 }

Annotations:
D:5 Pikel


Innate Abilities, Weirdness & Mutations

You are resistant to torment.
Your stone body is resilient. (AC +5)
You are immune to poison.
You resist negative energy. (rN+)
You are resistant to electric shocks. (rElec)
You can survive without breathing.
You are immune to petrification.
You are immune to rotting.


Message History

The orc wizard points at you and mumbles some strange words.
The magic dart hits you!
The crimson imp hits you but does no damage.
The orc wizard gestures at you while chanting.
The magic dart hits you!
* * * LOW HITPOINT WARNING * * *
The orc priest hits you but does no damage.
The orc closely misses you.
The orc wizard hits you but does no damage. x2
The crimson imp barely misses you. The orc wizard closely misses you.
You closely miss the orc wizard.
The orc wizard is heavily wounded.
You hit the orc priest. You hit the crimson imp.
You closely miss the orc wizard. You hit the orc wizard.
You hit the orc but do no damage.
The sentinel's mark upon you fades away.
The orc wizard closely misses you.
The orc priest invokes the aid of Beogh against you.
Pain shoots through your body!
You die...

*,......#.##.##....(....,,,,,,,,,
*,..._....o..###....<...*********
*,#.....#.#..#..........* *
*,#...[.#.#..o......p...* *
*,##..#.#.##.#........#.* *
*,.........)†###..p..##,* *
*,###.......).>phKp.##*,* *
,,*#...<#.####.oooh##,+,* *
***#.#....####)#@o#.#**,** *
#....§.....†5o##..#*,,* **
##.#.#####..o##*...#,,*******,
#..!* #..##∩+,....,,,,,,,,, #.#.*
##..***,,.#.********, #.,**
##.,**,,**,* ** *,,******
**,,*,***,* * *,,,,,,,*
**,,**,+,* **,****,* **,,***,*


You could see Pikel, 4 slaves, an orc priest, 3 orc wizards, a crimson imp, 2
orcs and 2 jackals.

Vanquished Creatures
  Eustachio (D:5)
  A necrophage (D:5)
  3 ogres
  A jelly (D:5)
  2 orc priests
  4 hounds
  A centaur skeleton (D:5)
  A bullfrog skeleton (D:5)
  2 iguanas (D:5)
  3 orc wizards
  Natasha (thrice) (D:4)
  4 worker ants
  A mummy (D:5)
  A worker ant zombie (D:5)
  A howler monkey skeleton (D:3)
  6 adders
  A shadow imp (D:5)
  3 oozes
  An adder skeleton (D:4)
  A worm (D:2)
  4 leopard geckos
  18 orcs
  6 bats
  4 giant cockroaches
  3 goblins
  5 hobgoblins
  16 jackals
  4 kobolds
  5 quokkas
  5 frilled lizards
  4 rats
115 creatures vanquished.

Notes
Turn   | Place    | Note
-------+----------+-------------------------------------------
     0 | D:1      | Fang the Gargoyle Berserker began the quest for the Orb.
     0 | D:1      | Reached XP level 1. HP: 14/14 MP: 1/1
    47 | D:1      | Reached XP level 2. HP: 16/19 MP: 2/2
   928 | D:2      | Reached XP level 3. HP: 23/24 MP: 3/3
  1007 | D:2      | Reached ** piety under Trog
  1053 | D:2      | Noticed an ogre
  1062 | D:2      | Killed an ogre
  1062 | D:2      | Reached XP level 4. HP: 17/29 MP: 4/4
  1062 | D:2      | Reached XP level 5. HP: 19/33 MP: 5/5
  1357 | D:2      | Found an ornate altar of the Wu Jian Council.
  1886 | D:3      | Reached skill level 1 in Stealth
  1903 | D:3      | Found a glowing golden altar of the Shining One.
  3106 | D:4      | Reached XP level 6. HP: 27/39 MP: 6/6
  3328 | D:4      | Noticed Natasha
  3341 | D:4      | Killed Natasha
  3354 | D:4      | Reached skill level 5 in Axes
  3354 | D:4      | Reached XP level 7. HP: 23/44 MP: 7/7
  3420 | D:4      | Reached *** piety under Trog
  3944 | D:4      | Found Vismaa's Gadget Boutique.
  4072 | D:4      | Noticed Natasha
  4080 | D:4      | Killed Natasha
  4080 | D:4      | Reached skill level 5 in Fighting
  4209 | D:4      | Found a sparkling altar of Nemelex Xobeh.
  4209 | D:4      | Noticed Natasha
  4214 | D:4      | Killed Natasha
  4481 | D:5      | Entered Level 5 of the Dungeon
  4489 | D:5      | Noticed Eustachio
  4537 | D:5      | Killed Eustachio
  4537 | D:5      | Reached XP level 8. HP: 46/50 MP: 8/8
  4584 | D:5      | Found a sparkling altar of Nemelex Xobeh.
  4678 | D:5      | Reached **** piety under Trog
  4683 | D:5      | Noticed Pikel
  4687 | D:5      | HP: 2/51 [orc wizard/magic dart (6)]
  4688 | D:5      | Killed from afar by an orc priest

Skill      XL: |  1  2  3  4  5  6  7  8 |
---------------+-------------------------+-----
Axes           | 3 4 5 6 |  6.7
Fighting       | 4 5 6 |  6.2
Dodging        | 2 3 4 |  4.3
Stealth        | 1 2 |  2.9
Armour         | |  2.3

Action                   |  1- 3 |  4- 6 |  7- 9 || total
-------------------------+-------+-------+-------++-------
Melee: Hand axe          |    92 |   163 |   181 ||   436
Invok: Berserk           |     1 |     1 |     4 ||     6
  Use: Scroll            |       |       |     7 ||     7
 Stab: Sleeping          |     1 |     2 |     1 ||     4
  Eat: Chunk             |       |     9 |     8 ||    17
Armor: Animal skin       |    41 |    52 |    73 ||   166
Dodge: Dodged            |    85 |   108 |   159 ||   352
